 Dungeon Crawl Stone Soup version 0.22-a0-135-g6f012ad (webtiles) character file.

168 varam the Grave Robber (level 5, -5/35 HPs)
             Began as a Mummy Necromancer on Jan 31, 2018.
             Slain by a bullfrog zombie (6 damage)
             ... on level 4 of the Dungeon on Feb 1, 2018.
             The game lasted 00:10:47 (3364 turns).

varam the Grave Robber (Mummy Necromancer)          Turns: 3364, Time: 00:10:48

Health: -5/35      AC:  2    Str: 11    XL:     5   Next: 23%
Magic:  9/9        EV: 12    Int: 15    God:
Gold:   107        SH:  0    Dex: 13    Spells: 3/9 levels left

rFire    x . .     SeeInvis .   f - +0 dagger
rCold    + . .     Gourm    .   (no shield)
rNeg     + + +     Faith    .   a - +0 robe
rPois    ∞         Spirit   .   (no helmet)
rElec    .         Reflect  .   (no cloak)
rCorr    .         Harm     .   (no gloves)
MR       .....                  (no boots)
Stlth    ++........             (no amulet)
HPRegen  0.11/turn              (no ring)
MPRegen  0.11/turn              (no ring)

@: no status effects
A: no food or potions, fire vulnerability, cold resistance 1, negative energy
resistance 3, torment resistance, unbreathing
a: no special abilities


You were on level 4 of the Dungeon.
You were not hungry.

You visited 1 branch of the dungeon, and saw 4 of its levels.

You collected 107 gold pieces.

Inventory:

Hand Weapons
 f - a +0 dagger (weapon)
 k - a +0 rapier
Missiles
 d - 55 stones (quivered)
 m - 29 poisoned needles
Armour
 a - a +0 robe (worn)
Scrolls
 c - a scroll of amnesia {unknown}
 e - 2 scrolls of remove curse {unknown}
 g - a scroll of blinking {unknown}
 h - 3 scrolls of magic mapping {unknown}
 i - 2 scrolls of identify {unknown}
 j - 2 scrolls of teleportation {unknown}
 l - a scroll of fear {unknown}
Books
 b - a book of Necromancy

   Spells                             Type                      Level
   a - Pain                           Necromancy                   1
   b - Animate Skeleton               Necromancy                   1
   c - Vampiric Draining              Necromancy                   3
   d - Regeneration                   Charms/Necromancy            3
   e - Animate Dead                   Necromancy                   4


   Skills:
 - Level 1.5 Dodging
 - Level 1.5 Stealth
 - Level 2.6 Spellcasting
 + Level 6.6 Necromancy


You had 3 spell levels left.
You knew the following spells:

 Your Spells              Type           Power        Failure   Level  Hunger
a - Pain                  Necr           ###.         1%          1    N/A
b - Animate Skeleton      Necr           N/A          1%          1    N/A
c - Animate Dead          Necr           N/A          14%         4    N/A

Dungeon Overview and Level Annotations

Branches:
Dungeon (4/15)
 Temple: D:4-7

Altars:

Annotations:
D:3 sankara's ghost, amateur DrTm


Innate Abilities, Weirdness & Mutations

You do not eat or drink.
Your flesh is vulnerable to fire.
You are immune to poison.
Your flesh is cold resistant. (rC+)
You are immune to negative energy. (rN+++)
You are immune to unholy pain and torment.
You can survive without breathing.


Message History

The scorpion moves out of view.
Found 9 poisoned needles and a ration.
Found 13 gold pieces.
Unknown command.
Found 5 gold pieces.
Found a scroll labeled HIEFRO CECRUKLE.
An orc and a zombie come into view.
An orc wizard comes into view. It is wielding a dagger.
The orc priest shouts!
The orc shouts!
The bullfrog zombie closely misses you.
Found an escape hatch in the floor.
You see here 5 gold pieces.
The orc priest invokes the aid of Beogh against you.
Beogh smites you!
* * * LOW HITPOINT WARNING * * *
You hear a shout!
The scorpion stings you.
* * * LOW HITPOINT WARNING * * *
The bullfrog zombie hits you.
You die...

#...............
#.....[....o..%...
#.................
#.................
#.........###..>..
###.....oo#.......
##.......#.......
#......$s........
#.......Z@.......
#...........#....
#.....?..#### .
#........#
##.......#
#.......#
#.......#
#.......#


You could see a scorpion, an orc priest, an orc and a bullfrog zombie.

Vanquished Creatures
  An orc priest (D:3)
  2 orc wizards (D:3)
  An adder (D:2)
  2 worms (D:2)
  3 dart slugs
  A leopard gecko (D:1)
  2 orcs (D:3)
  2 bats (D:2)
  3 giant cockroaches
  6 goblins
  6 hobgoblins
  4 quokkas
  A ball python (D:1)
  6 frilled lizards
  8 kobolds
  8 rats
  A toadstool (D:1)
57 creatures vanquished.

Vanquished Creatures (collateral kills)
  A dart slug (D:2)
  A goblin (D:1)
  A quokka (D:2)
  A bat (D:1)
  3 kobolds
  A rat (D:2)
8 creatures vanquished.

Vanquished Creatures (others)
  3 toadstools (D:1)
3 creatures vanquished.

Grand Total: 68 creatures vanquished

Notes
Turn   | Place    | Note
-------+----------+-------------------------------------------
     0 | D:1      | varam the Mummy Necromancer began the quest for the Orb.
     0 | D:1      | Reached XP level 1. HP: 13/13 MP: 4/4
   111 | D:1      | Reached XP level 2. HP: 19/19 MP: 1/5
   114 | D:1      | Learned a level 1 spell: Animate Skeleton
  1320 | D:2      | Reached skill level 5 in Necromancy
  1369 | D:2      | Reached XP level 3. HP: 24/24 MP: 5/7
  2349 | D:2      | Reached XP level 4. HP: 20/30 MP: 1/8
  2550 | D:3      | Learned a level 4 spell: Animate Dead
  2636 | D:3      | Reached skill level 6 in Necromancy
  2997 | D:3      | Reached XP level 5. HP: 35/35 MP: 3/9
  3255 | D:3      | Noticed sankara's ghost (amateur DrTm)
  3364 | D:4      | HP: 1/35 [scorpion (3)]
  3364 | D:4      | Slain by a bullfrog zombie

Vault maps used:
D:1:      ldierk_water_garden
D:2:      cheibrodos_helix_gallery, minmay_pentomino_u2

Skill      XL: |  1  2  3  4 |
---------------+-------------+-----
Necromancy     | 5 6 |  6.6
Dodging        | |  1.5
Stealth        | |  1.5
Spellcasting   | |  2.6

Action                   |  1- 3 |  4- 6 || total
-------------------------+-------+-------++-------
Melee: Unarmed           |     2 |       ||     2
       Dagger            |    47 |    17 ||    64
Throw: Stone             |       |     3 ||     3
 Cast: Pain              |    65 |    34 ||    99
       Animate Skeleton  |    11 |       ||    11
       Animate Dead      |       |     6 ||     6
 Stab: Sleeping          |     1 |       ||     1
Armor: Robe              |    16 |     2 ||    18
Dodge: Dodged            |    53 |    15 ||    68

Table legend:
 A = Spawn XP
 B = Non-spawn XP
 C = Spawn XP percentage of total XP
 D = Spawn monster count
 E = Non-spawn monster count
 F = Spawn count percentage of total count
 G = Total turns spent on level
                    A         B        C        D         E        F      G
               +---------+---------+-------+---------+---------+-------+---------
         Total |       0 |     240 |   0.0 |       0 |      64 |   0.0 |  3364
               +---------+---------+-------+---------+---------+-------+---------
           D:1 |       0 |      31 |   0.0 |       0 |      20 |   0.0 |  1266
           D:2 |       0 |      70 |   0.0 |       0 |      28 |   0.0 |  1242
           D:3 |       0 |     139 |   0.0 |       0 |      16 |   0.0 |   782
               +---------+---------+-------+---------+---------+-------+---------
